 Dungeon Crawl Stone Soup version 0.31-a0-662-g684573625c (webtiles) character file.

Game seed: 14349137420321914571

1036 ders the Conjurer (level 8, -10/46 HPs)
             Began as an Octopode Conjurer on Aug 31, 2023.
             Mangled by an iguana (14 damage)
             ... on level 5 of the Dungeon.
             The game lasted 00:08:11 (6003 turns).

ders the Conjurer (Octopode Conjurer)               Turns: 6003, Time: 00:08:12

Health: -10/46     AC:  1    Str:  6    XL:     8   Next: 24%
Magic:  0/17       EV: 13    Int: 23    God:
Gold:   271        SH:  0    Dex: 10    Spells: 12/19 levels left

rFire   + . .        l - staff of poison
rCold   x . .        (no shield)
rNeg    . . .        (helmet restricted)
rPois   +            (no amulet)
rElec   .            e - ring of see invisible
rCorr   .            r - ring of fire
SInv    +            (no ring)
Will    .....        (no ring)
Stlth   +++          (no ring)
HPRegen 0.27/turn    (no ring)
MPRegen 0.15/turn    (no ring)
                     (no ring)

%: no passive effects
@: no status effects
A: almost no armour, amphibious, 8 rings, camouflage 1, gelatinous body 1,
(nimble swimmer 1), tentacles
a: no special abilities


You were on level 5 of the Dungeon.
You visited 1 branch of the dungeon, and saw 5 of its levels.

You collected 271 gold pieces.

Inventory:

Magical Staves
 l - a staff of poison (weapon)
Jewellery
 e - a ring of see invisible (left tentacle)
 r - a ring of fire (right tentacle)
Wands
 q - a wand of roots (14)
 u - a wand of acid (5)
Scrolls
 b - 2 scrolls of identify
 j - 2 scrolls of enchant weapon {unknown}
 k - 4 scrolls of teleportation
 m - a scroll of fear {unknown}
 o - a scroll of fog {unknown}
 p - a scroll of vulnerability {unknown}
 s - a scroll of poison {unknown}
 t - a scroll of enchant armour {unknown}
Potions
 a - 2 potions of mutation {unknown}
 c - 2 potions of might
 d - 3 potions of heal wounds
 f - 5 potions of curing
 g - 3 potions of enlightenment
 h - 2 potions of brilliance {unknown}
 i - a potion of resistance {unknown}
 n - a potion of attraction {unknown}


   Skills:
 - Level 2.0 Dodging
 - Level 2.6 Stealth
 + Level 6.2 Spellcasting
 * Level 7.9 Conjurations


You had 12 spell levels left.
You knew the following spells:

 Your Spells              Type           Power      Damage    Failure   Level
a - Magic Dart            Conj           100%       1d8       1%          1
b - Searing Ray           Conj           86%        2d7       1%          2
c - Fulminant Prism       Conj/Hex       12%        3d8       16%         4

Your spell library contained the following spells:

 Spells                   Type           Power      Damage    Failure   Level
 Dazzling Flash           Conj/Hex       50%        N/A       4%          3
 Summon Small Mammal      Summ           28%        N/A       9%          1
 Iskenderun's Mystic Bla  Conj/Tloc      25%        2d7       16%         4
 Call Canine Familiar     Summ           7%         N/A       26%         3
 Summon Guardian Golem    Hex/Summ       7%         N/A       26%         3


Dungeon Overview and Level Annotations

Branches:
Dungeon (5/15)             Temple (0/1) D:5

Altars:
The Shining One


Innate Abilities, Weirdness & Mutations

You cannot wear most types of armour.
You are amphibious.
You can wear up to eight rings at the same time.
Your skin changes colour to match your surroundings (Stealth+).
Your rubbery body absorbs attacks. (AC +1, EV +1)
((You are camouflaged when in or above water. (Stealth+)))
You have tentacles for arms and can constrict up to eight enemies at once.


Message History

Casting: Magic Dart (safe; 1% risk of failure)
Confirm with . or Enter, or press ? or * to list all spells.
Aiming: Magic Dart (safe; 1% risk of failure)
Press: ? - help, Shift-Dir - straight line, f/p - iguana
Aim: an iguana (lightly wounded, 100% to hit)
The magic dart hits the iguana but does no damage.
The iguana is lightly wounded.
Unknown command.
Casting: Magic Dart (safe; 1% risk of failure)
Confirm with . or Enter, or press ? or * to list all spells.
You don't have enough magic to cast this spell.
Casting: Magic Dart (safe; 1% risk of failure)
Confirm with . or Enter, or press ? or * to list all spells.
You don't have enough magic to cast this spell.
Things that are here:
a +0 club; an orc corpse You hit the iguana but do no damage.
You grab the iguana.
The iguana is lightly wounded.
You constrict the iguana. The iguana bites you!
You hit the iguana but do no damage.
The iguana is moderately wounded.
You constrict the iguana, but do no damage.
The iguana bites you! The iguana bites you.
* * * LOW HITPOINT WARNING * * *
You hit the iguana but do no damage.
The iguana is moderately wounded.
You constrict the iguana, but do no damage.
The iguana bites you!
* * * LOW HITPOINT WARNING * * *
You feel much better.
You constrict the iguana. The iguana bites you!
* * * LOW HITPOINT WARNING * * *
Casting: Magic Dart (safe; 1% risk of failure)
Confirm with . or Enter, or press ? or * to list all spells.
Aiming: Magic Dart (safe; 1% risk of failure)
Press: ? - help, Shift-Dir - straight line, f/p - iguana
Aim: an iguana (moderately wounded, constricted by you, 100% to hit)
The magic dart hits the iguana.
The iguana is heavily wounded.
You constrict the iguana. The iguana bites you!
You die...

#................... ..##'
#..........#.#.##### #.....###
#................... ........#
#.........#.#....... ........#
#.........#.........
........###.........#.##.#####
.........##.........#.##.# #
........)##.........#.##.# #
.......†)...l@......#.##.# #
.........###.......##.##.# #
.........# #.......##.##.#####
.........# ####.#####.##.#....
..######.# #...###.##...### #
#.# ###...#.##.###
#)##########...##.#####
#.)..............>....#
#################.###.#


You could see an iguana.

Vanquished Creatures
  A water moccasin (D:5)
  An ogre (D:5)
  A phantom (D:5)
  The ghost of javelincjr the Conjurer, an amateur DsCj (D:3)
  A scorpion (D:5)
  A howler monkey (D:5)
  3 orc priests
  A water moccasin simulacrum (D:3)
  6 iguanas
  Ijyb (D:3)
  3 orc wizards
  3 gnolls (D:2)
  7 adders
  A hound simulacrum (D:3)
  An ufetubus (D:5)
  2 worms
  3 dart slugs
  2 adder simulacra (D:3)
  14 orcs
  A bat (D:1)
  7 endoplasms
  3 giant cockroaches
  6 goblins
  6 hobgoblins
  3 jackals (D:5)
  5 quokkas
  12 ball pythons
  2 ball python simulacra (D:3)
  3 frilled lizards
  4 kobolds
  3 rats
108 creatures vanquished.

Notes
Turn   | Place    | Note
-------+----------+-------------------------------------------
     0 | D:1      | ders the Octopode Conjurer began the quest for the Orb.
     0 | D:1      | Reached XP level 1. HP: 11/11 MP: 3/3
   190 | D:1      | Reached XP level 2. HP: 12/17 MP: 0/5
   848 | D:2      | Learned a level 2 spell: Searing Ray
   849 | D:2      | Reached XP level 3. HP: 21/21 MP: 3/6
  1534 | D:2      | Reached XP level 4. HP: 27/27 MP: 5/8
  1817 | D:2      | Reached skill level 5 in Conjurations
  2444 | D:2      | Reached XP level 5. HP: 17/31 MP: 4/10
  2769 | D:3      | Found a runed translucent gate.
  2771 | D:3      | Found a runed translucent gate.
  2776 | D:3      | Found a runed translucent gate.
  2930 | D:3      | Learned a level 4 spell: Fulminant Prism
  3088 | D:3      | Noticed javelincjr's ghost (amateur DsCj)
  3410 | D:3      | Noticed Ijyb
  3414 | D:3      | Killed Ijyb
  3415 | D:3      | Reached XP level 6. HP: 35/36 MP: 5/12
  3781 | D:3      | Killed javelincjr's ghost
  3782 | D:3      | Reached skill level 6 in Conjurations
  4201 | D:4      | Found a glowing golden altar of the Shining One.
  4310 | D:4      | Reached XP level 7. HP: 15/41 MP: 3/14
  4313 | D:4      | Reached skill level 5 in Spellcasting
  4921 | D:5      | Entered Level 5 of the Dungeon
  5280 | D:5      | Reached skill level 7 in Conjurations
  5418 | D:5      | Found a staircase to the Ecumenical Temple.
  5608 | D:5      | HP: 1/41 [poisoned by a water moccasin]
  5637 | D:5      | Reached XP level 8. HP: 18/46 MP: 7/17
  6001 | D:5      | HP: 1/46 [iguana (11)]
  6003 | D:5      | Mangled by an iguana

Illustrated notes

Levels and vault maps discovered:
D:1:      minmay_arrival_doors, layout_basic
D:2:      layout_loops_ring, minmay_snake_closets
D:3:      layout_loops_ring, gammafunk_ghost_icy,
          nicolae_elevator_lobby_asterisk, uniq_ijyb
D:4:      layout_rooms, lemuel_doored_altar
D:5:      layout_basic, grunt_temple_overflow_growth_and_decay,
          minmay_temple_entry_sparse_star, cheibrodos_gnoll_hut

Skill      XL: |  1  2  3  4  5  6  7 |
---------------+----------------------+-----
Spellcasting   | 3 4 6 |  6.2
Conjurations   | 5 6 7 |  7.9
Dodging        | |  2.0
Stealth        | |  2.6

Action                     |  1- 3 |  4- 6 |  7- 9 || total
---------------------------+-------+-------+-------++-------
  Melee: Unarmed           |    12 |       |       ||    12
         Tentacles         |     4 |       |     7 ||    11
         Constrict         |     3 |       |     6 ||     9
         Staff             |       |       |    32 ||    32
         Punch             |       |       |     2 ||     2
   Cast: Magic Dart        |    46 |    43 |    48 ||   137
         Searing Ray       |     6 |    59 |    47 ||   112
    Use: Scroll            |       |     4 |     1 ||     5
         Potion            |       |     1 |     3 ||     4
 Armour: Skin              |     8 |    14 |    57 ||    79
  Dodge: Dodged            |    18 |    14 |    58 ||    90

Table legend: (Time is in decaauts)
 A = Elapsed time spent in this place.
 B = Non-inter-level travel time spent in this place.
 C = Inter-level travel time spent in this place.
 D = Time resting spent in this place.
 E = Time spent auto-exploring this place.
 F = Levels seen in this place.
 G = Mean time per level.
                   A        B        C        D        E       F      G
               +--------+--------+--------+--------+--------+-----+--------+
         Total |   6006 |   5791 |    215 |    823 |   4316 |   5 | 1201.2 |
       Dungeon |   6006 |   5791 |    215 |    823 |   4316 |   5 | 1201.2 |
               +--------+--------+--------+--------+--------+-----+--------+

Top non-repeatable levels by time:
     D:2: 1677 daAuts
     D:3: 1293 daAuts
     D:5: 1086 daAuts
     D:4: 1017 daAuts
     D:1: 930 daAuts
